 Dungeon Crawl Stone Soup version 0.29.1-15-g9cfb28693d (webtiles) character file.

Game seed: 9289691163979749425

161 Ast3rio the Firebug (level 5, -4/28 HPs)
             Began as a Deep Elf Fire Elementalist on Mar 13, 2023.
             Slain by an iron imp (5 damage)
             ... summoned by Eustachio
             ... on level 4 of the Dungeon.
             The game lasted 00:10:23 (4538 turns).

Ast3rio the Firebug (Deep Elf Fire Elementalist)    Turns: 4538, Time: 00:10:25

Health: -4/28      AC:  2    Str:  5    XL:     5   Next: 18%
Magic:  0/14       EV: 12    Int: 22    God:
Gold:   197        SH:  0    Dex: 11    Spells: 7/13 levels left

rFire   + + +      SeeInvis .   g - +2 dagger "Upunir" {pain, rF++ rN+++ Dex-4 Stlth+}
rCold   . . .      Faith    .   (no shield)
rNeg    + + +      Spirit   +   a - +0 robe
rPois   .          Reflect  .   (no helmet)
rElec   .          Harm     .   (no cloak)
rCorr   .          Rampage  .   (no gloves)
Will    .....                   (no boots)
Stlth   +++.......              e - amulet of guardian spirit
HPRegen 0.09/turn               r - ring of protection from fire
MPRegen 0.14/turn               (no ring)

@: lethally poisoned (-4 -> -5)
A: no striking features
a: no special abilities


You were on level 4 of the Dungeon.
You visited 1 branch of the dungeon, and saw 4 of its levels.

You collected 197 gold pieces.

Inventory:

Hand Weapons
 g - the +2 dagger "Upunir" (weapon) {pain, rF++ rN+++ Dex-4 Stlth+}
   (You found it on level 2 of the Dungeon)

   In the hands of one skilled in necromantic magic, it inflicts extra damage on
   living creatures.
   Dex:       It affects your dexterity (-4).
   rF:        It greatly protects you from fire.
   rN:        It renders you almost immune to negative energy.
   Stlth:     It makes you more stealthy.
 n - a +4 short sword
 q - a +3 dagger
Armour
 a - a +0 robe (worn)
Magical Staves
 p - a staff of poison
Jewellery
 e - an amulet of guardian spirit (around neck)
 r - a ring of protection from fire (left hand)
Wands
 s - a wand of iceblast (6)
Scrolls
 c - a scroll of torment {unknown}
 d - a scroll of immolation {unknown}
 f - a scroll of fear {unknown}
 h - a scroll of enchant weapon {unknown}
 j - 4 scrolls of identify {unknown}
 m - a scroll of butterflies {unknown}
Potions
 b - a potion of magic
 i - 2 potions of might {unknown}
 k - 2 potions of resistance {unknown}
 l - a potion of curing {unknown}
 o - 2 potions of heal wounds {unknown}


   Skills:
 + Level 0.6 Fighting
 + Level 0.7 Short Blades
 + Level 3.1 Dodging
 + Level 2.8 Stealth
 * Level 4.7 Spellcasting
 + Level 1.2 Conjurations
 * Level 4.8 Fire Magic


You had 7 spell levels left.
You knew the following spells:

 Your Spells              Type           Power      Damage    Failure   Level
a - Foxfire               Conj/Fire      72%        2x1d7     3%          1
b - Scorch                Fire           52%        2d8       2%          2
c - Conjure Flame         Conj/Fire      18%        6-21      9%          3

Your spell library contained the following spells:

 Spells                   Type           Power      Damage    Failure   Level
 Inner Flame              Hex/Fire       15%        N/A       12%         3
 Poisonous Vapours        Pois/Air       10%        N/A       16%         2
 Flame Wave               Conj/Fire      18%        2d7       30%         4
 Corpse Rot               Necr/Pois/Air  5%         N/A       71%         4


Dungeon Overview and Level Annotations

Branches:
Dungeon (4/15)
 Temple: D:4-7

Altars:
Qazlal
Wu Jian

Annotations:
D:4 Eustachio


Message History

The quokka barely misses you. Eustachio closely misses you. The rat bites you.
Your magical contamination has completely faded away.
You hit Eustachio but do no damage.
Eustachio is lightly wounded.
The bat barely misses you. The bat hits you. The quokka bites you.
Eustachio closely misses you. The quokka closely misses you.
You hit Eustachio.
Eustachio is moderately wounded.
The bat closely misses you. The rat bites you.
Eustachio hits you with a +0 rapier! The bat barely misses you.
The adder bites you but does no damage. The quokka bites you.
You hit Eustachio.
Eustachio is moderately wounded.
The bat hits you but does no damage. The bat closely misses you.
The rat barely misses you. Eustachio hits you with a +0 rapier.
The adder bites you.
* * * LOW HITPOINT WARNING * * *
You are poisoned.
The adder poisons you! The quokka bites you.
* * * LOW HITPOINT WARNING * * *
You hit Eustachio but do no damage.
Eustachio is moderately wounded.
* * * LOW HITPOINT WARNING * * *
You feel sick. The bat misses you. The bat barely misses you.
The rat barely misses you. The adder closely misses you.
Eustachio gestures wildly while chanting.
The quokka barely misses you. The bat hits you but does no damage.
You hit Eustachio.
Eustachio is moderately wounded.
* * * LOW HITPOINT WARNING * * *
You feel sick. The bat barely misses you. The adder closely misses you.
The rat barely misses you. The quokka misses you.
Eustachio completely misses you.
You closely miss Eustachio.
Eustachio is moderately wounded.
* * * LOW HITPOINT WARNING * * *
You feel sick. The adder closely misses you.
The quokka bites you but does no damage.
The rat barely misses you. The iron imp hits you!
You die...

#.# #.#### .$...
.... #..# #
#+######55###..#
.......S@r......
.......b@.......
.#######r5##.###
#b.# .....
...... ........+
#########


You could see Eustachio, an iron imp (summoned), 2 quasits, an adder, a quokka
(summoned), 2 bats and a rat (summoned).

Vanquished Creatures
  A jelly (D:4)
  Jessica (D:2)
  2 adders (D:2)
  2 worms (D:3)
  A dart slug (D:2)
  3 orcs (D:3)
  5 ball pythons
  4 endoplasms
  10 goblins
  7 hobgoblins
  7 jackals
  5 quokkas
  5 bats
  3 frilled lizards (D:1)
  9 kobolds
  5 rats
70 creatures vanquished.

Vanquished Creatures (others)
  52 foxfires (D:1)
  5 fungi (D:3)
  2 plants (D:1)
59 creatures vanquished.

Grand Total: 129 creatures vanquished

Notes
Turn   | Place    | Note
-------+----------+-------------------------------------------
     0 | D:1      | Ast3rio the Deep Elf Fire Elementalist began the quest for
                  | the Orb.
     0 | D:1      | Reached XP level 1. HP: 10/10 MP: 6/6
   384 | D:1      | Reached XP level 2. HP: 15/15 MP: 5/8
   873 | D:1      | Learned a level 2 spell: Scorch
  1064 | D:1      | Reached XP level 3. HP: 16/19 MP: 0/9
  1504 | D:1      | Learned a level 3 spell: Conjure Flame
  1851 | D:2      | Identified the +2 dagger "Upunir" {pain, rF++ rN+++ Dex-4
                  | Stlth+}
  1934 | D:2      | Found a faded altar of an unknown god.
  2523 | D:2      | Reached XP level 4. HP: 19/24 MP: 12/12
  3067 | D:2      | Noticed Jessica
  3081 | D:2      | Killed Jessica
  3848 | D:3      | Found a stormy altar of Qazlal.
  3935 | D:3      | Found an ornate altar of the Wu Jian Council.
  4523 | D:4      | Noticed Eustachio
  4530 | D:4      | Reached XP level 5. HP: 27/28 MP: 1/14
  4538 | D:4      | HP: 1/28 [poisoned by an adder]
  4538 | D:4      | Slain by an iron imp

Illustrated notes

Levels and vault maps discovered:
D:1:      lightli_arrival_noodles, layout_rooms, serial_forest,
          infiniplex_forest_lined_room_, infiniplex_forest_corner_2,
          infiniplex_forest_clump_diagonal, infiniplex_forest_end_2,
          infiniplex_forest_clump_curved, infiniplex_forest_straight_1,
          infiniplex_forest_zigzag_2, minivault_19
D:2:      layout_loops_ring, nicolae_ecumenical_pavilion, uniq_jessica
D:3:      layout_loops_ring, nzn_wu_jian_council_hall,
          mainiacjoe_overflow_boulevard, minivault_25
D:4:      layout_gridville, grunt_temple_overflow_opulence, uniq_eustachio,
          uniq_pikel

Skill      XL: |  1  2  3  4 |
---------------+-------------+-----
Fire Magic     | 4 |  4.8
Spellcasting   | 4 |  4.7
Dodging        | 3 |  3.1
Fighting       | |  0.6
Short Blades   | |  0.7
Stealth        | |  2.8
Conjurations   | |  1.2

Action                   |  1- 3 |  4- 6 || total
-------------------------+-------+-------++-------
Melee: Unarmed           |    18 |       ||    18
       Dagger            |    30 |    56 ||    86
       Punch             |     1 |       ||     1
 Cast: Foxfire           |    36 |       ||    36
       Scorch            |    20 |    20 ||    40
       Conjure Flame     |     1 |     2 ||     3
 Stab: Sleeping          |     2 |     1 ||     3
Armor: Robe              |    16 |    15 ||    31
Dodge: Dodged            |    71 |    68 ||   139
